[Event "Chessable Masters - Torneo preliminare"]
[White "Van Foreest, Jorden"]
[Black "Aronian, Levon"]
[WhiteFideId "1039784"]
[BlackFideId "13300474"]
[WhiteElo "2682"]
[BlackElo "2720"]
[Result "0-1"]
[Round "3"]
[TimeControl "600+2"]
[Date "2023.03.13"]
[WhiteClock "0:00:07"]
[BlackClock "0:02:34"]

1. e4 e5 2. Nf3 Nc6 3. Bb5 a6 4. Ba4 Nf6 5. O-O Be7 6. Re1 b5 7. Bb3 O-O 8. d3 d6 9. c3 Re8 10. h3 Bf8 11. Bg5 h6 12. Bh4 Nb8 13. a4 Bb7 14. Na3 c6 15. Nc2 Nbd7 16. Ne3 Qc7 17. Nh2 d5 18. Nhg4 Nxg4 19. Qxg4 Nc5 20. Bc2 dxe4 21. dxe4 Bc8 22. Qf3 Be6 23. axb5 axb5 24. b4 Na4 25. Ng4 c5 26. bxc5 Qxc5 27. Re3 Nb2 28. Rxa8 Rxa8 29. Qg3 Nc4 30. Re1 Kh7 31. Qf3 Ra3 32. Bg3 Be7 33. Kh2 Bg5 34. Qe2 Rxc3 35. Bd3 b4 36. f3 b3 37. Bf2 Qa3 38. h4 Be7 39. Bb1 Rc1 40. f4 Rxe1 41. Bxe1 Qc1 42. f5 Qxb1 43. fxe6 Qc2 44. Qf3 fxe6 45. Nxh6 Kxh6 46. Qf7 Ne3 0-1


[Site "Internet"]

[Event "Chessable Masters - Torneo preliminare"]
[White "Durarbayli, Vasif"]
[Black "Svidler, Peter"]
[WhiteFideId "13402935"]
[BlackFideId "4102142"]
[WhiteElo "2531"]
[BlackElo "2752"]
[Result "0-1"]
[Round "3"]
[TimeControl "600+2"]
[Date "2023.03.13"]
[WhiteClock "0:00:02"]
[BlackClock "0:03:09"]

1. e4 c5 2. Nf3 e6 3. d4 cxd4 4. Nxd4 a6 5. c4 Nf6 6. Nc3 Qc7 7. Be3 Bb4 8. Qb3 Bc5 9. Be2 d6 10. O-O Nc6 11. Rad1 O-O 12. a3 e5 13. Nxc6 Bxe3 14. Nxe5 Bxf2+ 15. Rxf2 dxe5 16. Rxf6 gxf6 17. Nd5 Qc5+ 18. Kh1 Qf2 19. Qd3 Be6 20. Rf1 Qh4 21. Nxf6+ Kh8 22. Qe3 h6 23. g3 Qg5 24. Qc3 Rad8 25. h4 Qd2 26. Qxe5 Qd4 27. Qf4 Qd2 28. Qe5 Qd4 29. Qf4 Qd2 30. b3 Qxf4 31. gxf4 Rd2 32. Re1 Rfd8 33. f5 Bd7 34. Kg1 Kg7 35. Nh5+ Kf8 36. Kf2 Bc6 37. e5 R8d3 38. b4 Rf3+ 39. Kg1 Re3 40. Kf2 Rxe5 41. Ng3 Ra2 42. Rd1 Ke7 43. Rd4 Rxa3 44. Nh5 Rxf5+ 45. Ke1 Ra1+ 0-1


[Site "Internet"]

[Event "Chessable Masters - Torneo preliminare"]
[White "Mitrabha, Guha"]
[Black "Frolyanov, Dmitry"]
[WhiteFideId "5057000"]
[BlackFideId "4151976"]
[WhiteElo "2401"]
[BlackElo "2451"]
[Result "1-0"]
[Round "3"]
[TimeControl "600+2"]
[Date "2023.03.13"]
[WhiteClock "0:01:01"]
[BlackClock "0:01:48"]

1. d4 d5 2. c4 e6 3. Nf3 Nf6 4. g3 dxc4 5. Bg2 Nc6 6. O-O Rb8 7. a4 a6 8. a5 Bb4 9. Qa4 Bd7 10. Ne5 O-O 11. Nxd7 Qxd7 12. Rd1 h6 13. Na3 c3 14. Nc4 Rfd8 15. e3 cxb2 16. Bxb2 Bf8 17. d5 Nb4 18. Qxd7 Nxd7 19. dxe6 fxe6 20. Bh3 Nc5 21. Rab1 Nbd3 22. Bd4 Re8 23. Bf1 e5 24. Bxd3 Nxd3 25. Ba7 Rbd8 26. Rxb7 e4 27. Rxc7 Ne5 28. Bd4 Nf3+ 29. Kg2 Rc8 30. Rxc8 Rxc8 31. Nd2 Nxd2 32. Rxd2 Bb4 33. Ra2 Rc1 34. Bb6 Kf7 35. g4 Ke6 36. h4 g6 37. Rb2 Rc4 38. Rb1 h5 39. Kh3 Be7 40. Rb2 Rc1 41. Bd4 Rh1+ 42. Kg2 Rxh4 43. Rb6+ Kf7 44. gxh5 Rg4+ 45. Kf1 gxh5 46. Rxa6 Rg5 47. Ra8 h4 48. a6 h3 49. Rh8 Rh5 50. Rxh5 1-0


[Site "Internet"]

[Event "Chessable Masters - Torneo preliminare"]
[White "Vokhidov, Shamsiddin"]
[Black "Makarian, Rudik"]
[WhiteFideId "14204223"]
[BlackFideId "44105681"]
[WhiteElo "2514"]
[BlackElo "2462"]
[Result "0-1"]
[Round "3"]
[TimeControl "600+2"]
[Date "2023.03.13"]
[WhiteClock "0:00:48"]
[BlackClock "0:00:10"]

1. e4 c5 2. Nf3 Nc6 3. Bb5 e6 4. Bxc6 bxc6 5. d3 Bd6 6. Be3 Ne7 7. e5 Bc7 8. Bxc5 O-O 9. Nbd2 f6 10. d4 fxe5 11. dxe5 Rf5 12. Nc4 Ba6 13. Ne3 Rf4 14. Qd2 Re4 15. O-O-O Nd5 16. Nxd5 cxd5 17. Rhe1 Ba5 18. b4 Rc4 19. c3 Rc8 20. Re3 Bxb4 21. Bxb4 Rxb4 22. Qc2 Qa5 23. Rd2 Rb7 24. Ng5 g6 25. Nxh7 Kxh7 26. Rg3 Bd3 27. Qxd3 Rxc3+ 28. Qxc3 Rc7 29. Rc2 Rxc3 30. Rgxc3 d4 31. Rh3+ Kg7 32. f4 Qe1+ 33. Kb2 Qe4 34. Rf3 d3 35. Rc7 Qd4+ 36. Kc1 Qg1+ 0-1


[Site "Internet"]

[Event "Chessable Masters - Torneo preliminare"]
[White "Dreev, Aleksey"]
[Black "Flores, Diego"]
[WhiteFideId "4100107"]
[BlackFideId "108049"]
[WhiteElo "2557"]
[BlackElo "2598"]
[Result "1-0"]
[Round "3"]
[TimeControl "600+2"]
[Date "2023.03.13"]
[WhiteClock "0:02:00"]
[BlackClock "0:00:10"]

1. d4 Nf6 2. c4 c5 3. d5 e6 4. Nc3 exd5 5. cxd5 d6 6. Nf3 g6 7. e4 Bg7 8. Nd2 O-O 9. Be2 Re8 10. O-O a6 11. a4 Nbd7 12. h3 Rb8 13. a5 c4 14. Nxc4 Nxe4 15. Nxe4 Rxe4 16. Nxd6 Rd4 17. Qb3 Nc5 18. Qg3 Qc7 19. Rd1 Rxd1+ 20. Bxd1 Bf8 21. Bf4 Nd3 22. Qxd3 Bxd6 23. Rc1 Qd8 24. Bxd6 Qxd6 25. Qd4 Be6 26. Bf3 Rd8 27. Qc5 Qxc5 28. Rxc5 Bc8 29. Rc7 Kg7 30. d6 Be6 31. Rxb7 Rxd6 32. Rb6 Rd2 33. Bb7 Bc4 34. b3 Bb5 35. Bxa6 Bxa6 36. Rxa6 1-0


[Site "Internet"]

[Event "Chessable Masters - Torneo preliminare"]
[White "Bluebaum, Matthias"]
[Black "Fier, Alexandr"]
[WhiteFideId "24651516"]
[BlackFideId "2107139"]
[WhiteElo "2601"]
[BlackElo "2504"]
[Result "1-0"]
[Round "3"]
[TimeControl "600+2"]
[Date "2023.03.13"]
[WhiteClock "0:03:32"]
[BlackClock "0:04:11"]

1. d4 d5 2. c4 e6 3. Nc3 c6 4. Nf3 dxc4 5. e4 b5 6. Qc2 Nf6 7. Be2 a5 8. O-O a4 9. Rd1 Be7 10. Bg5 Bb7 11. e5 Nd5 12. Ne4 Ra7 13. Nd6+ Kf8 14. Bxe7+ Qxe7 15. b3 c3 16. b4 Na6 17. a3 Nac7 18. Ne1 f5 19. Nd3 Ne8 20. Nxe8 Kxe8 21. Bf3 c5 22. bxc5 Qg5 23. Qc1 Qh4 24. Bxd5 Bxd5 25. Nb4 Bb3 26. Rd3 Bc4 27. Qxc3 Bxd3 28. Qxd3 Kf7 29. d5 Rc8 30. c6 exd5 31. Qxf5+ 1-0


[Site "Internet"]

[Event "Chessable Masters - Torneo preliminare"]
[White "Nguyen, Ngoc Truong Son"]
[Black "Cardoso Cardoso, Jose Gabriel"]
[WhiteFideId "12401110"]
[BlackFideId "4430492"]
[WhiteElo "2585"]
[BlackElo "2425"]
[Result "1/2-1/2"]
[Round "3"]
[TimeControl "600+2"]
[Date "2023.03.13"]
[WhiteClock "0:02:49"]
[BlackClock "0:02:37"]

1. d4 Nf6 2. c4 e6 3. Nc3 Bb4 4. e3 O-O 5. Bd2 d5 6. a3 Be7 7. Nf3 b6 8. Rc1 c5 9. Bd3 Ba6 10. Qe2 cxd4 11. exd4 dxc4 12. Bxc4 Bxc4 13. Qxc4 Nbd7 14. O-O Qb8 15. d5 exd5 16. Nxd5 Nxd5 17. Qxd5 Nf6 18. Qf5 Qb7 19. Rfe1 Rfe8 20. Bc3 h6 21. Rcd1 Rad8 22. h3 Qc8 23. Qxc8 Rxc8 24. Rd3 Red8 25. Rde3 Bc5 26. Bxf6 gxf6 27. Rc3 Bd6 28. Rxc8 Rxc8 29. Kf1 Rc2 30. Re2 Rc1+ 31. Re1 Rc2 32. Re2 Rc1+ 33. Re1 Rc2 1/2-1/2


[Site "Internet"]

[Event "Chessable Masters - Torneo preliminare"]
[White "Mareco, Sandro"]
[Black "Darini, Pouria"]
[WhiteFideId "112275"]
[BlackFideId "12502200"]
[WhiteElo "2541"]
[BlackElo "2573"]
[Result "1-0"]
[Round "3"]
[TimeControl "600+2"]
[Date "2023.03.13"]
[WhiteClock "0:04:34"]
[BlackClock "0:00:07"]

1. d4 Nf6 2. c4 e6 3. Nf3 d5 4. g3 Bb4+ 5. Bd2 a5 6. Bg2 O-O 7. Qc2 c5 8. cxd5 cxd4 9. Nxd4 Qb6 10. e3 exd5 11. a3 Bc5 12. Bc3 Ne4 13. O-O Nc6 14. Nd2 Nxd4 15. exd4 Bxd4 16. Nxe4 dxe4 17. Bxe4 Bxc3 18. bxc3 g6 19. Rfb1 Qc5 20. a4 Ra6 21. Bxb7 Bxb7 22. Rxb7 Rc8 23. Rb3 Rac6 24. h4 h5 25. Re1 Qc4 26. Rb7 R6c7 27. Rxc7 Rxc7 28. Re3 Rb7 29. Kg2 Qc6+ 30. Qe4 Rc7 31. Qxc6 Rxc6 32. Re5 Rxc3 33. Rxa5 Ra3 34. Ra8+ Kg7 35. a5 f6 36. Ra7+ Kh6 37. a6 g5 38. hxg5+ fxg5 39. Ra8 Kg7 40. f4 h4 41. f5 Rxg3+ 42. Kh2 g4 43. a7 Rh3+ 44. Kg2 Rg3+ 45. Kf2 Rf3+ 46. Ke2 Ra3 47. f6+ Kxf6 48. Rf8+ Kg5 49. a8=Q Rxa8 50. Rxa8 Kf4 51. Kf2 1-0


[Site "Internet"]

[Event "Chessable Masters - Torneo preliminare"]
[White "Petrov, Nikita"]
[Black "Pap, Gyula"]
[WhiteFideId "4101286"]
[BlackFideId "725323"]
[WhiteElo "2514"]
[BlackElo "2563"]
[Result "0-1"]
[Round "3"]
[TimeControl "600+2"]
[Date "2023.03.13"]
[WhiteClock "0:00:02"]
[BlackClock "0:00:06"]

1. d4 d5 2. Nf3 Nf6 3. Bf4 c5 4. e3 Nc6 5. Nbd2 Nh5 6. dxc5 Nxf4 7. exf4 g6 8. c3 Bg7 9. Nb3 O-O 10. Be2 Qc7 11. g3 Rd8 12. O-O f6 13. Nfd4 e5 14. fxe5 fxe5 15. Nb5 Qe7 16. Bg4 Bxg4 17. Qxg4 e4 18. N5d4 Re8 19. Rad1 Ne5 20. Qe2 Nd3 21. c6 bxc6 22. Nxc6 Qb7 23. Nb4 Nxb4 24. cxb4 Rad8 25. Nd4 Qb6 26. Qd2 Rc8 27. a3 Rc4 28. Nb3 d4 29. Nc5 d3 30. Rc1 Rxc1 31. Rxc1 Bd4 32. Kg2 Qc6 33. Nb3 e3+ 34. Rxc6 exd2 35. Nxd2 Re2 36. Rd6 Bxf2 37. Nc4 Bc5+ 0-1


[Site "Internet"]

[Event "Chessable Masters - Torneo preliminare"]
[White "Giri, Anish"]
[Black "Sargissian, Gabriel"]
[WhiteFideId "24116068"]
[BlackFideId "13300881"]
[WhiteElo "2714"]
[BlackElo "2628"]
[Result "1-0"]
[Round "3"]
[TimeControl "600+2"]
[Date "2023.03.13"]
[WhiteClock "0:03:26"]
[BlackClock "0:01:53"]

1. e4 e5 2. Nf3 Nc6 3. Bc4 Nf6 4. d3 Bc5 5. O-O d6 6. c3 O-O 7. Nbd2 a5 8. h3 Ba7 9. Re1 Be6 10. Bxe6 fxe6 11. Nf1 Qd7 12. Ng3 a4 13. Rb1 Bb6 14. Be3 Bxe3 15. Rxe3 b5 16. d4 Qe7 17. Qe2 Rab8 18. b3 axb3 19. Rxb3 b4 20. dxe5 dxe5 21. Qe1 Nd7 22. cxb4 Nd4 23. Rbc3 Qxb4 24. Rxc7 Nxf3+ 25. gxf3 Qxe1+ 26. Rxe1 Rf7 27. a4 Ra8 28. Ra1 Nb6 29. Rc6 Rxa4 30. Rxa4 Nxa4 31. Rxe6 Rxf3 32. Rxe5 g6 33. Kg2 Rf8 34. h4 h5 35. Ne2 Nb2 36. Rd5 Nc4 37. Kg3 Kg7 38. Nf4 Re8 39. Rg5 Rxe4 40. Rxg6+ Kf7 41. Rg5 Re5 42. Rxh5 Re1 43. Rf5+ Kg7 44. Rd5 Rg1+ 45. Kf3 Nb6 46. Rg5+ Rxg5 47. hxg5 1-0


[Site "Internet"]

[Event "Chessable Masters - Torneo preliminare"]
[White "Alonso Rosell, Alvar"]
[Black "Sychev, Klementy"]
[WhiteFideId "2270544"]
[BlackFideId "4114060"]
[WhiteElo "2473"]
[BlackElo "2484"]
[Result "1-0"]
[Round "3"]
[TimeControl "600+2"]
[Date "2023.03.13"]
[WhiteClock "0:03:01"]
[BlackClock "0:00:03"]

1. d4 Nf6 2. c4 e6 3. Nf3 d5 4. g3 Bb4+ 5. Nc3 O-O 6. Bg2 dxc4 7. O-O Nc6 8. a3 Be7 9. e4 Na5 10. Be3 a6 11. Qc2 b5 12. d5 exd5 13. Rad1 Bg4 14. h3 Bd7 15. e5 c6 16. Ng5 g6 17. exf6 Bxf6 18. Nxd5 cxd5 19. Rxd5 Qc8 20. Ne4 Bg7 21. Bd4 Bxd4 22. Rxd4 Bf5 23. Nf6+ Kh8 24. Rh4 h5 25. Qc3 Qd8 26. Nxh5+ 1-0


[Site "Internet"]

[Event "Chessable Masters - Torneo preliminare"]
[White "Kramnik, Vladimir"]
[Black "Shimanov, Aleksandr"]
[WhiteFideId "4101588"]
[BlackFideId "4198603"]
[WhiteElo "2756"]
[BlackElo "2610"]
[Result "1-0"]
[Round "3"]
[TimeControl "600+2"]
[Date "2023.03.13"]
[WhiteClock "0:06:05"]
[BlackClock "0:03:38"]

1. c4 g6 2. Nc3 Bg7 3. g3 e5 4. Bg2 Ne7 5. d3 d6 6. e3 O-O 7. Nge2 Nbc6 8. O-O Bg4 9. h3 Be6 10. Nd5 Qd7 11. Kh2 f5 12. f4 Kh8 13. Nec3 Ng8 14. Bd2 Nd8 15. e4 c6 16. Ne3 Nf7 17. Qc2 Rae8 18. Rae1 Nf6 19. Ne2 Nh6 20. Bc3 Nh5 21. b4 fxe4 22. dxe4 exf4 23. Nxf4 Bxc3 24. Qxc3+ Ng7 25. c5 dxc5 26. Qxc5 Bxa2 27. Nxg6+ hxg6 28. Rxf8+ Rxf8 29. Qxf8+ Kh7 30. Rd1 Qe6 31. Rd8 Nf7 32. Qg8+ Kh6 33. Ng4+ 1-0


[Site "Internet"]

[Event "Chessable Masters - Torneo preliminare"]
[White "Rasulov, Vugar"]
[Black "Mamedyarov, Shakhriyar"]
[WhiteFideId "13402390"]
[BlackFideId "13401319"]
[WhiteElo "2415"]
[BlackElo "2703"]
[Result "0-1"]
[Round "3"]
[TimeControl "600+2"]
[Date "2023.03.13"]
[WhiteClock "0:00:56"]
[BlackClock "0:04:08"]

1. e4 e5 2. Nf3 Nc6 3. Nc3 Nf6 4. d4 Bb4 5. Nxe5 O-O 6. Bd3 Nxd4 7. O-O d6 8. Nc4 Bxc3 9. bxc3 Ne6 10. Ne3 b6 11. c4 Bb7 12. f3 Nd7 13. Bb2 f6 14. Qe1 Kh8 15. Qg3 Nec5 16. Nf5 Rf7 17. Rae1 Qe8 18. h4 Ne5 19. f4 Nexd3 20. cxd3 Bc8 21. Nxg7 Rxg7 22. Bxf6 Qf7 23. Qxg7+ Qxg7 24. Bxg7+ Kxg7 25. d4 Ne6 26. d5 Nc5 27. e5 Bf5 28. Re3 h5 29. Rff3 Kf7 30. Rg3 Bg4 31. Kf2 Kg6 32. exd6 cxd6 33. Re7 Rf8 34. Ke3 a5 35. Rc7 Re8+ 36. Kd4 Re4+ 37. Kc3 Re2 38. Rc6 Ne4+ 39. Kd4 Nxg3 40. Rxd6+ Kf5 41. Rxb6 Kxf4 42. Rf6+ Bf5 43. Rf8 Rxa2 44. c5 Ra4+ 0-1


[Site "Internet"]

[Event "Chessable Masters - Torneo preliminare"]
[White "Bortnyk, Olexandr"]
[Black "Sourath, Biswas"]
[WhiteFideId "14120828"]
[BlackFideId "35091484"]
[WhiteElo "2643"]
[BlackElo "2138"]
[Result "1-0"]
[Round "3"]
[TimeControl "600+2"]
[Date "2023.03.13"]
[WhiteClock "0:00:17"]
[BlackClock "0:03:38"]

1. e4 c6 2. c4 g6 3. d4 Bg7 4. Nc3 d6 5. g3 e5 6. Be3 Nf6 7. d5 O-O 8. h3 a6 9. a4 cxd5 10. cxd5 a5 11. Bg2 Na6 12. Nf3 Nc5 13. Qc2 b6 14. O-O Ba6 15. Rfd1 Rc8 16. Bxc5 bxc5 17. Bf1 Bxf1 18. Rxf1 Qd7 19. Kg2 Ne8 20. Nd2 f5 21. Nc4 f4 22. Nb6 Qd8 23. Nxc8 Qxc8 24. Nb5 g5 25. Ra3 f3+ 26. Rxf3 Rxf3 27. Kxf3 Qxh3 28. Ke2 Qg2 29. Qd3 g4 30. Kd2 Bh6+ 31. Kc2 Kf7 32. Kb3 Ke7 33. Ka2 Nf6 34. Nxd6 Kxd6 35. Qa6+ Kc7 36. d6+ Kd7 37. Re1 Qxf2 38. Rd1 Bd2 39. Qb6 Ke6 40. Qb3+ Kd7 41. Qb8 Ke6 42. Qf8 Nxe4 43. Qxf2 1-0


[Site "Internet"]

[Event "Chessable Masters - Torneo preliminare"]
[White "Sasikiran, Krishnan"]
[Black "Sadhwani, Raunak"]
[WhiteFideId "5004985"]
[BlackFideId "35093487"]
[WhiteElo "2559"]
[BlackElo "2550"]
[Result "0-1"]
[Round "3"]
[TimeControl "600+2"]
[Date "2023.03.13"]
[WhiteClock "0:00:05"]
[BlackClock "0:01:14"]

1. e4 d6 2. d4 g6 3. c4 Nf6 4. Nc3 Bg7 5. f3 O-O 6. Bg5 h6 7. Be3 c5 8. d5 e6 9. Qd2 exd5 10. cxd5 Re8 11. a4 h5 12. Bb5 Bd7 13. Nge2 Na6 14. O-O Nb4 15. Bc4 a6 16. a5 b5 17. axb6 Qxb6 18. b3 Nh7 19. Rac1 h4 20. Kh1 Qd8 21. Rce1 Rb8 22. f4 h3 23. gxh3 Bxh3 24. f5 Bxf1 25. Rxf1 Qf6 26. Rg1 Rb7 27. Rg3 Rbe7 28. Bh6 Rxe4 29. Nxe4 Rxe4 30. Bxg7 Kxg7 31. fxg6 fxg6 32. Nc3 Re5 33. h3 Ng5 34. Kg2 Rf5 35. h4 Nf3 0-1


[Site "Internet"]

[Event "Chessable Masters - Torneo preliminare"]
[White "Dubov, Daniil"]
[Black "Ju, Wenjun"]
[WhiteFideId "24126055"]
[BlackFideId "8603006"]
[WhiteElo "2727"]
[BlackElo "2598"]
[Result "1-0"]
[Round "3"]
[TimeControl "600+2"]
[Date "2023.03.13"]
[WhiteClock "0:00:08"]
[BlackClock "0:00:10"]

1. d4 Nf6 2. c4 e6 3. Nc3 Bb4 4. e3 O-O 5. Bd3 d5 6. a3 Bxc3+ 7. bxc3 dxc4 8. Bxc4 c5 9. Ne2 Qc7 10. Ba2 b6 11. O-O Nc6 12. Bb2 Ba6 13. c4 Rfd8 14. Rc1 cxd4 15. exd4 Ng4 16. Ng3 Qf4 17. h3 Nf6 18. Ne2 Qh4 19. d5 exd5 20. cxd5 Ne7 21. Re1 Nexd5 22. Nd4 Nf4 23. Qf3 Qg5 24. Nc6 Bb7 25. Bxf6 gxf6 26. Ne7+ Kg7 27. Qxb7 Nxh3+ 28. Kf1 Nxf2 29. Qf3 Ng4 30. Nf5+ Kh8 31. Kg1 Rab8 32. Rcd1 Qh5 33. Qf4 Rg8 34. Nd6 Qc5+ 35. Qd4 Qg5 36. Nxf7+ 1-0


[Site "Internet"]

[Event "Chessable Masters - Torneo preliminare"]
[White "Perez Ponsa, Federico"]
[Black "Pranav, V"]
[WhiteFideId "117927"]
[BlackFideId "25060783"]
[WhiteElo "2586"]
[BlackElo "2462"]
[Result "1-0"]
[Round "3"]
[TimeControl "600+2"]
[Date "2023.03.13"]
[WhiteClock "0:00:08"]
[BlackClock "0:00:06"]

1. e4 e5 2. Nf3 Nc6 3. Bb5 a6 4. Ba4 Nf6 5. O-O b5 6. Bb3 Bc5 7. a4 Rb8 8. c3 d6 9. d4 Bb6 10. a5 Ba7 11. Be3 Ra8 12. Nbd2 O-O 13. Re1 h6 14. h3 Bb7 15. Bc2 exd4 16. cxd4 Nb4 17. Bb1 Re8 18. d5 Bxe3 19. Rxe3 c5 20. Nf1 Nd7 21. Ng3 g6 22. Qd2 Qf6 23. Nh2 Ne5 24. Ng4 Nxg4 25. hxg4 Qf4 26. Raa3 Bc8 27. Ne2 Qf6 28. f3 Ra7 29. Qc3 Qg5 30. f4 Qxg4 31. Qf6 Qd7 32. Ng3 Qe7 33. Nh5 Qxf6 34. Nxf6+ Kf8 35. Nxe8 Kxe8 36. Kf2 h5 37. Re1 Ke7 38. Rae3 Bg4 39. e5 Nxd5 40. exd6+ Kxd6 41. Re8 Nxf4 42. Rb8 c4 43. Be4 Kc5 44. g3 Nh3+ 45. Ke3 Re7 46. Rb7 Re6 47. Kd2 Kb4 48. Rb6 Kxa5 49. Rxe6 fxe6 50. Bxg6 Kb4 51. Re5 Ng1 52. Be4 Kb3 53. Kc1 Ne2+ 54. Kb1 Nxg3 55. Bb7 Bf5+ 56. Kc1 b4 57. Re3+ Bd3 58. Rxg3 a5 59. Be4 h4 60. Re3 1-0


[Site "Internet"]

[Event "Chessable Masters - Torneo preliminare"]
[White "Vasquez Schroeder, Rodrigo"]
[Black "Keymer, Vincent"]
[WhiteFideId "3400042"]
[BlackFideId "12940690"]
[WhiteElo "2589"]
[BlackElo "2630"]
[Result "0-1"]
[Round "3"]
[TimeControl "600+2"]
[Date "2023.03.13"]
[WhiteClock "0:03:50"]
[BlackClock "0:01:35"]

1. d4 Nf6 2. Nf3 e6 3. e3 d5 4. Bd3 b6 5. O-O Bb7 6. b3 Bd6 7. Bb2 O-O 8. c4 Nbd7 9. Nc3 a6 10. cxd5 exd5 11. Rc1 Qe7 12. Qe2 Ne4 13. Rc2 f5 14. g3 c6 15. Rfc1 a5 16. a4 Rae8 17. Ba6 Ba8 18. Nxe4 fxe4 19. Nh4 Rf6 20. Qg4 Ref8 21. Rf1 Nb8 22. Be2 Bb7 23. Qh3 Rh6 24. f4 exf3 25. Rxf3 Rxf3 26. Bxf3 Qxe3+ 27. Kg2 Qe6 28. Qg4 Bc8 29. Qxe6+ Bxe6 30. Bc1 Rf6 31. Bg5 Rf8 32. Re2 Bd7 33. Be7 Bxe7 34. Rxe7 Re8 35. Rxe8+ Bxe8 36. Nf5 Kf8 37. Kf2 Bg6 38. Ne3 Nd7 39. Ke2 Ke7 40. Kd2 Nf6 41. Nd1 Bh5 42. Bxh5 Nxh5 43. Ne3 g6 44. Nc2 Ng7 45. b4 axb4 46. Nxb4 Kd6 47. Nd3 Ne6 48. Kc3 c5 49. dxc5+ bxc5 50. h4 Nc7 51. Nf4 Kc6 52. g4 c4 53. Kd4 Kd6 54. a5 Nb5+ 55. Ke3 Ke5 56. Ne2 d4+ 57. Kd2 d3 58. Ng1 Ke4 59. a6 c3+ 60. Kd1 Ke3 61. g5 Nd4 0-1


[Site "Internet"]

[Event "Chessable Masters - Torneo preliminare"]
[White "Vaibhav, Suri"]
[Black "Nguyen, Thai Dai Van"]
[WhiteFideId "5045185"]
[BlackFideId "358878"]
[WhiteElo "2543"]
[BlackElo "2544"]
[Result "1-0"]
[Round "3"]
[TimeControl "600+2"]
[Date "2023.03.13"]
[WhiteClock "0:01:58"]
[BlackClock "0:03:05"]

1. e4 c5 2. Nf3 d6 3. Nc3 a6 4. d4 cxd4 5. Qxd4 Nc6 6. Qd3 g6 7. Nd5 Bg7 8. c3 Nf6 9. Bg5 O-O 10. Be2 Bg4 11. Rd1 Re8 12. O-O h6 13. Nxf6+ exf6 14. Bf4 Qb6 15. b4 Rad8 16. Rfe1 Ne5 17. Qe3 Qc7 18. Nxe5 fxe5 19. Bxh6 Be6 20. Bxg7 Kxg7 21. a4 Bb3 22. Ra1 Rc8 23. Rec1 Bc4 24. Bg4 Rcd8 25. Rd1 a5 26. bxa5 Qxa5 27. Rab1 Ba6 28. Rb6 Re7 29. h4 Rc7 30. Rbxd6 Rxd6 31. Rxd6 Qxc3 32. Qg5 Qe1+ 33. Kh2 Qxf2 34. Bf3 1-0


[Site "Internet"]

[Event "Chessable Masters - Torneo preliminare"]
[White "Shyam, Sundar M."]
[Black "Kravtsiv, Martyn"]
[WhiteFideId "5019141"]
[BlackFideId "14113147"]
[WhiteElo "2464"]
[BlackElo "2675"]
[Result "0-1"]
[Round "3"]
[TimeControl "600+2"]
[Date "2023.03.13"]
[WhiteClock "0:01:38"]
[BlackClock "0:01:13"]

1. e4 e5 2. Nf3 Nc6 3. Bb5 a6 4. Ba4 Nf6 5. O-O Be7 6. d3 b5 7. Bb3 O-O 8. Nc3 d6 9. a3 Na5 10. Ba2 Be6 11. Bg5 c5 12. h3 Nc6 13. Bxf6 Bxf6 14. a4 b4 15. Nd5 g6 16. Qd2 Rb8 17. Bc4 a5 18. c3 Bxd5 19. Bxd5 Ne7 20. c4 Kg7 21. Qe2 b3 22. Ra3 Rb4 23. Rfa1 Qd7 24. Qd1 Rfb8 25. h4 Nxd5 26. cxd5 c4 27. g3 Bd8 28. dxc4 Rxc4 29. Nd2 Rc2 30. Rb1 Qa7 31. Qe1 Bb6 32. Rxb3 Bxf2+ 33. Qxf2 Qxf2+ 34. Kxf2 Rxb3 0-1


[Site "Internet"]

[Event "Chessable Masters - Torneo preliminare"]
[White "Van Foreest, Lucas"]
[Black "Meier, Georg"]
[WhiteFideId "1039792"]
[BlackFideId "4675789"]
[WhiteElo "2483"]
[BlackElo "2624"]
[Result "0-1"]
[Round "3"]
[TimeControl "600+2"]
[Date "2023.03.13"]
[WhiteClock "0:06:11"]
[BlackClock "0:03:28"]

1. d4 e6 2. c4 b6 3. e4 Bb4+ 4. Bd2 Bxd2+ 5. Qxd2 d5 6. Qe3 Ne7 7. Nc3 O-O 8. Bd3 Ba6 9. cxd5 Bxd3 10. Qxd3 exd5 11. e5 c5 12. Nge2 Nbc6 13. f4 f6 14. O-O fxe5 15. dxe5 Qd7 16. Rad1 Rad8 17. b3 h6 18. Nb5 Nb4 19. Qh3 Qxb5 20. Qe6+ Rf7 21. Nc3 Qc6 22. Qg4 Rdf8 23. Ne2 d4 24. Ng3 Nbd5 25. e6 Rxf4 26. Rxf4 0-1


[Site "Internet"]

[Event "Chessable Masters - Torneo preliminare"]
[White "Paravyan, David"]
[Black "Raja, Harshit"]
[WhiteFideId "4194985"]
[BlackFideId "5089000"]
[WhiteElo "2598"]
[BlackElo "2361"]
[Result "1-0"]
[Round "3"]
[TimeControl "600+2"]
[Date "2023.03.13"]
[WhiteClock "0:01:46"]
[BlackClock "0:00:50"]

1. e4 c5 2. Nf3 d6 3. d4 cxd4 4. Nxd4 Nf6 5. Nc3 a6 6. h3 e6 7. g4 h6 8. Qe2 Nc6 9. Nxc6 bxc6 10. b3 Be7 11. Bb2 e5 12. O-O-O Be6 13. Na4 Nd7 14. f4 exf4 15. Bxg7 Rh7 16. Bb2 Qa5 17. Kb1 Ne5 18. Qf2 f3 19. Bc3 Qc7 20. Bxe5 dxe5 21. Nb2 a5 22. Bc4 a4 23. Bxe6 fxe6 24. Nc4 Rf7 25. Rd3 Rd8 26. Rxf3 Rf4 27. Rxf4 exf4 28. e5 axb3 29. axb3 Ra8 30. Rf1 Bb4 31. Kb2 Qe7 32. Qxf4 Qa7 33. Nd6+ Bxd6 34. exd6 Qa3+ 35. Kc3 Qc5+ 36. Kd2 Kd7 37. Rf3 Qd5+ 38. Ke2 e5 39. Qf5+ Qe6 40. Qh7+ Kxd6 41. Rd3+ Kc5 42. Qb7 Ra2 43. Rc3+ Kd5 44. Qb6 Qe8 45. b4 Rb2 46. Qa5+ Ke6 47. Qa3 Qg6 48. Rxc6+ 1-0


[Site "Internet"]

[Event "Chessable Masters - Torneo preliminare"]
[White "Kamsky, Gata"]
[Black "Xu, Yi"]
[WhiteFideId "2000024"]
[BlackFideId "8605564"]
[WhiteElo "2630"]
[BlackElo "2402"]
[Result "1-0"]
[Round "3"]
[TimeControl "600+2"]
[Date "2023.03.13"]
[WhiteClock "0:00:08"]
[BlackClock "0:00:12"]

1. d4 Nf6 2. Bf4 d5 3. e3 c5 4. c3 e6 5. Nd2 Bd6 6. Bb5+ Nc6 7. Bg3 O-O 8. Ngf3 Bxg3 9. hxg3 Qd6 10. Bxc6 bxc6 11. Qc2 a5 12. g4 cxd4 13. cxd4 h6 14. Ne5 Ba6 15. f4 Ne4 16. Nxe4 dxe4 17. Qxe4 Qb4+ 18. Kf2 c5 19. g5 Qxb2+ 20. Kg3 Bb7 21. Rab1 Bxe4 22. Rxb2 cxd4 23. exd4 hxg5 24. fxg5 Rac8 25. Rh4 Bg6 26. Rb5 Rc3+ 27. Kh2 Ra8 28. Rc5 Rc8 29. Rxa5 Rc2 30. Ra3 Bf5 31. Ra7 R2c7 32. Rxc7 Rxc7 33. Rf4 Ra7 34. d5 Rxa2 35. d6 Rd2 36. d7 f6 37. gxf6 gxf6 38. Rb4 fxe5 39. Rb8+ Kf7 40. d8=Q Rxd8 41. Rxd8 Kf6 42. Kg3 Kg5 43. Kf3 e4+ 44. Ke3 e5 45. Re8 Kf6 46. Kf2 Bg6 47. Rb8 Kg5 48. Rb3 Bh5 49. Ke3 Bg6 50. Rb8 Kf6 51. Kf2 Kg5 52. Kg3 Bh5 53. Rg8+ Kf5 54. Kf2 Bd1 55. Rh8 Kg5 56. Rh1 Bc2 57. Kg3 Bd3 58. Re1 Bc2 59. Kf2 Kf4 60. g3+ Kg4 61. Rc1 Bd3 62. Rc7 Kf5 63. Ke3 Kg4 64. Rg7+ Kf5 65. Rg8 Bc2 66. g4+ Kf6 67. g5+ Kf5 68. g6 Kf6 69. g7 Bd3 70. Kf2 Kf7 71. Re8 Kxg7 72. Rxe5 Kf6 73. Rc5 Ke6 74. Ke3 Kd6 75. Kd4 Ke6 76. Rg5 Kf6 77. Re5 Bc2 78. Kd5 Bd3 79. Kd6 Bc2 80. Re8 Kf5 81. Kd5 Kf6 82. Kd4 Bd3 83. Ke3 Kf7 84. Re5 Kf6 85. Kf4 Bc2 86. Rc5 Bd3 87. Rc6+ Ke7 88. Rb6 Kd7 89. Ke5 Kc7 90. Rd6 Bc2 91. Re6 Bd3 92. Kd5 Kd7 93. Rd6+ Ke7 94. Ke5 Kf7 95. Rf6+ Ke7 96. Rd6 Kf7 97. Rd7+ Kg6 98. Rc7 Bb1 99. Rc6+ Kg7 100. Rc3 Bd3 101. Kf5 Bb1 102. Rc7+ Kh6 103. Re7 e3+ 104. Kf4 Bg6 105. Rxe3 Kg7 106. Kg5 Bh7 107. Re7+ Kh8 108. Kf6 Bg8 109. Kg6 Bd5 110. Re5 Bc4 111. Rc5 Bd3+ 112. Kf6 Bh7 113. Rh5 Kg8 114. Rh4 Kh8 115. Rg4 Bg8 116. Rg3 Bh7 117. Kf7 Bc2 118. Rc3 Be4 119. Rc5 Bd3 120. Rc3 Be4 121. Re3 Bd5+ 122. Kg6 Bg8 123. Rh3+ Bh7+ 124. Rxh7+ 1-0


[Site "Internet"]